 Dungeon Crawl Stone Soup version 0.29-a0-11-ga75d3d97ab (webtiles) character file.

Game seed: 7190127882384826205

17 avis the Ruffian (level 2, -1/24 HPs)
             Began as a Hill Orc Transmuter on Jan 29, 2022.
             Slain by a gnoll (7 damage)
             ... on level 2 of the Dungeon.
             The game lasted 00:02:45 (804 turns).

avis the Ruffian (Hill Orc Transmuter)               Turns: 804, Time: 00:02:46

Health: -1/24      AC:  2    Str: 12    XL:     2   Next: 62%
Magic:  3/4        EV: 12    Int: 13    God:
Gold:   30         SH:  0    Dex: 11    Spells: 3/4 levels left

rFire   . . .      SeeInvis .     - Unarmed
rCold   . . .      Faith    .   (no shield)
rNeg    . . .      Spirit   .   a - +0 robe
rPois   .          Reflect  .   (helmet currently unavailable)
rElec   .          Harm     .   (no cloak)
rCorr   .          Rampage  .   (no gloves)
Will    .....                   (boots currently unavailable)
Stlth   +.........              b - amulet of the acrobat
HPRegen 0.08/turn               (no ring)
MPRegen 0.09/turn               (no ring)

@: lethally poisoned (-1 -> -18), appendages (expiring)
A: horns 2, talons 2
a: End Transformation


You were on level 2 of the Dungeon.
You had temporarily grown beastly horns and talons.
You visited 1 branch of the dungeon, and saw 2 of its levels.

You collected 30 gold pieces.

Inventory:

Armour
 a - a +0 robe (worn)
Jewellery
 b - an amulet of the acrobat (around neck)
Scrolls
 d - a scroll of fear {unknown}
 e - a scroll of teleportation {unknown}
Potions
 c - a potion of haste {unknown}


   Skills:
 * Level 2.0 Fighting
 - Level 1.5 Dodging
 - Level 4.0 Unarmed Combat
 - Level 1.5 Spellcasting
 - Level 1.3 Transmutations


You had 3 spell levels left.
You knew the following spells:

 Your Spells              Type           Power      Damage    Failure   Level
a - Beastly Appendage     Tmut           8%         N/A       16%         1

Your spell library contained the following spells:

 Spells                   Type           Power      Damage    Failure   Level
 Wereblood                Tmut           4%         N/A       22%         2
 Shock                    Conj/Air       4%         1d3       26%         1
 Spider Form              Tmut/Pois      2%         N/A       52%         3
 Ice Form                 Ice/Tmut       2%         N/A       89%         4


Dungeon Overview and Level Annotations

Branches:
Dungeon (1/15)

Altars:


Innate Abilities, Weirdness & Mutations

You have temporarily grown beastly horns and talons.


Message History

Found a dagger.
You open the door.
There is an open door here.
You open the door.
There is an open door here.
Found a stone staircase leading down.
You open the door.
There is an open door here.
e - a scroll labelled WITHRAF JUESO You open the door.
A gnoll comes into view. It is wielding a +2 whip of venom.
There is an open door here.
Casting: Beastly Appendage (safe; 16% risk of failure)
Confirm with . or Enter, or press ? or * to list all spells.
You grow a pair of large bovine horns.
Your feet morph into talons.
Your transformation is almost over. 2 gnolls come into view.
You closely miss the gnoll. You headbutt the gnoll.
The gnoll is lightly wounded.
The gnoll shouts!
A gnoll comes into view. It is wielding a +0 spear.
The gnoll hits you with a +2 whip of venom.
You are poisoned.
You closely miss the gnoll.
The gnoll shouts! x2
Your kick misses the gnoll.
The gnoll is lightly wounded.
You feel sick.
You hit the gnoll. You punch the gnoll.
The gnoll is moderately wounded.
You feel sick.
The gnoll hits you with a +2 whip of venom!
You are lethally poisoned!
You closely miss the gnoll. You claw the gnoll, but do no damage.
Your headbutt misses the gnoll.
The gnoll is moderately wounded.
* * * LOW HITPOINT WARNING * * *
You feel very sick.
The gnoll hits you with a +2 whip of venom!
You die...

.. .#. ##+## .#.
##...## #.#. #
##.....## #.#. ##.
##.......###.#.
##...####.........#....
#....g@.'.........'....
##..g####.........#.##.
...#. ##.......##.##. .
.g ##.....###.#.. ..
##...## #.##. .. ##+##
#.##. . #.##. #....
####.


You could see 3 gnolls.

Vanquished Creatures
  3 endoplasms (D:1)
  2 giant cockroaches (D:1)
  3 hobgoblins
  2 jackals (D:2)
  A kobold (D:1)
  A ball python (D:2)
  A bat (D:1)
  A rat (D:1)
14 creatures vanquished.

Vanquished Creatures (others)
  A fungus (D:1)
  A plant (D:1)
2 creatures vanquished.

Grand Total: 16 creatures vanquished

Notes
Turn   | Place    | Note
-------+----------+-------------------------------------------
     0 | D:1      | avis the Hill Orc Transmuter began the quest for the Orb.
     0 | D:1      | Reached XP level 1. HP: 16/16 MP: 3/3
    25 | D:1      | Found a faded altar of an unknown god.
    38 | D:1      | Got Plato's Papyrus of Confrontation
   315 | D:1      | Reached XP level 2. HP: 21/24 MP: 2/4
   554 | D:1      | You fall into a shaft and drop 1 floor!
   618 | D:2      | Reached skill level 4 in Unarmed Combat
   804 | D:2      | Slain by a gnoll

Illustrated notes

Levels and vault maps discovered:
D:1:      matt_arrival_grand_opening, layout_loops_ring,
          shapermc_ecumenical_altar_rom_forum, serial_bayou_lagoon_b
D:2:      layout_loops_corners, serial_bayou_pond_d, nicolae_figureground_pulse

Skill      XL: |  1  2 |
---------------+-------+-----
Fighting       | 2 |  2.0
Unarmed Combat | 4 |  4.0
Dodging        | |  1.5
Spellcasting   | |  1.5
Transmutations | |  1.3

Action                   || total
-------------------------++-------
Melee: Unarmed           ||    40
       Headbutt          ||     7
       Kick              ||     6
       Punch             ||     2
 Cast: Beastly Appendage ||    11
 Stab: Sleeping          ||     1
Armor: Robe              ||     5
Dodge: Dodged            ||    22

Table legend: (Time is in decaauts)
 A = Elapsed time spent in this place.
 B = Non-inter-level travel time spent in this place.
 C = Inter-level travel time spent in this place.
 D = Time resting spent in this place.
 E = Time spent auto-exploring this place.
 F = Levels seen in this place.
 G = Mean time per level.
                   A        B        C        D        E       F      G
               +--------+--------+--------+--------+--------+-----+--------+
         Total |    800 |    800 |      0 |    293 |    343 |   2 |  400.0 |
       Dungeon |    800 |    800 |      0 |    293 |    343 |   2 |  400.0 |
               +--------+--------+--------+--------+--------+-----+--------+

Top non-repeatable levels by time:
     D:1: 551 daAuts
     D:2: 248 daAuts
